 Dungeon Crawl Stone Soup version 0.30.0-17-ge0270778cf (webtiles) character file.

Game seed: 6336238225419598207

348831 Strat the Convoker (level 21, -26/168 HPs)
             Began as a Black Draconian Delver on May 20, 2023.
             Was a High Priest of Sif Muna.
             Annihilated by a vampire knight
             ... wielding a +0 battleaxe
              (36 damage)
             ... on level 3 of the Depths on May 21, 2023.
             The game lasted 03:09:49 (58970 turns).

Strat the Convoker (Black Draconian Delver)        Turns: 58970, Time: 03:09:50

Health: -26/168    AC: 18    Str: 16      XL:     21   Next: 24%
Magic:  13/44      EV: 16    Int: 24 (26) God:    Sif Muna [*****.]
Gold:   2946       SH: 13    Dex: 15      Spells: 4/58 levels left

rFire   + . .        b - +2 short sword (elec)
rCold   + . .        M - +0 kite shield {reflect}
rNeg    + . .        (body armour unavailable)
rPois   +            N - -2 hat of the Alchemist {rElec rPois rF+ rC+ rN+ Will+ rMut rCorr}
rElec   +            w - +2 cloak
rCorr   +            y - +2 pair of gloves {Dex+3}
SInv    .            s - +2 pair of boots
Will    +++..        j - amulet "Piclaul" {RegenMP Int+4}
Stlth   ++++         r - ring of poison resistance
HPRegen 0.48/turn    z - ring "Ifee" {Will+ Int+3 Slay+3 Stlth+}
MPRegen 0.69/turn

%: reflection, resist mutation
@: flying
A: breathe lightning, AC +11, unfitting armour, big wings, electricity
resistance, cold-blooded, dopey 1
}: 2/15 runes: serpentine, barnacled
a: Breathe Lightning, Renounce Religion, Channel Magic, Forget Spell, Divine
Exegesis


You were on level 3 of the Depths.
You worshipped Sif Muna.
Sif Muna was extremely pleased with you.
You visited 7 branches of the dungeon, and saw 37 of its levels.
You visited 1 bazaar.
You also visited: Desolation.

You collected 4602 gold pieces.
You spent 1656 gold pieces at shops.

Inventory:

Hand Weapons
 a - the +8 Vampire's Tooth {megavamp}
   (You acquired it on level 1 of the Depths)
 b - a +2 short sword of electrocution (weapon)
 n - a +2 demon trident of electrocution
 F - a +4 demon trident of freezing
Missiles
 d - 2 boomerangs of dispersal
 g - 34 poisoned darts (quivered)
 A - 3 throwing nets
Armour
 s - a +2 pair of boots (worn)
 w - a +2 cloak (worn)
 y - a +2 pair of gloves of dexterity (worn)
 M - a +0 kite shield of reflection (worn)
 N - the -2 hat of the Alchemist (worn) {rElec rPois rF+ rC+ rN+ Will+ rMut rCorr}
   (You found it on level 1 of the Depths)

   rF:        It protects you from fire.
   rC:        It protects you from cold.
   rElec:     It insulates you from electricity.
   rPois:     It protects you from poison.
   rN:        It protects you from negative energy.
   rCorr:     It protects you from acid and corrosion.
   rMut:      It protects you from mutation.
   Will:      It increases your willpower.
Jewellery
 j - the amulet "Piclaul" (around neck) {RegenMP Int+4}
   (You bought it in a shop on level 11 of the Dungeon)

   [amulet of magic regeneration]

   It increases your rate of magic regeneration.
   Int:       It affects your intelligence (+4).
 r - a ring of poison resistance (left hand)
 x - a ring of protection from fire
 z - the ring "Ifee" (right hand) {Will+ Int+3 Slay+3 Stlth+}
   (You found it on level 14 of the Dungeon)

   [ring of willpower]

   Int:       It affects your intelligence (+3).
   Slay:      It affects your accuracy & damage with ranged weapons and melee
   (+3).
   Will:      It increases your willpower.
   Stlth:     It makes you more stealthy.
 O - a ring of protection from cold
Wands
 f - a wand of digging (29)
 t - a wand of iceblast (42)
 H - a wand of acid (23)
 I - a wand of polymorph (28)
 Q - a wand of flame (17)
 R - a wand of mindburst (24)
 S - a wand of charming (24)
Scrolls
 c - 5 scrolls of magic mapping
 h - 5 scrolls of fog
 i - 24 scrolls of identify
 k - 11 scrolls of teleportation
 l - 6 scrolls of amnesia
 p - 6 scrolls of fear
 u - 3 scrolls of enchant weapon
 K - 2 scrolls of enchant armour
 P - 2 scrolls of butterflies
 Y - 8 scrolls of poison
 Z - 3 scrolls of silence
Potions
 e - 5 potions of haste
 m - 8 potions of mutation
 q - 10 potions of curing
 v - 6 potions of ambrosia
 B - 7 potions of brilliance
 C - 5 potions of berserk rage
 G - 2 potions of magic
 J - 6 potions of might
 U - a potion of cancellation
 W - a potion of resistance
Miscellaneous
 D - a condenser vane (inert)
 X - a phantom mirror


   Skills:
 - Level 10.0 Fighting
 - Level 10.0 Short Blades
 - Level 10.0 Dodging
 - Level 4.5 Stealth
 - Level 14.0 Shields
 - Level 19.2 Spellcasting
 - Level 3.0 Hexes
 - Level 20.0 Summonings
 - Level 7.0 Necromancy
 + Level 9.3 Translocations
 - Level 2.0 Ice Magic
 - Level 3.0 Air Magic
 - Level 10.8 Invocations
 - Level 8.6 Evocations


You had 4 spell levels left.
You knew the following spells:

 Your Spells              Type           Power      Damage    Failure   Level
a - Summon Forest         Summ/Tloc      38%        N/A       1%          5
b - Dispersal             Tloc           30%        N/A       12%         6
c - Summon Guardian Gole  Hex/Summ       67%        N/A       1%          3
d - Monstrous Menagerie   Summ           43%        N/A       1%          7
e - Summon Mana Viper     Hex/Summ       67%        N/A       1%          5
f - Summon Horrible Thin  Summ           43%        N/A       7%          8
g - Apportation           Tloc           100%       N/A       1%          1
h - Swiftness             Air            37%        N/A       3%          3
i - Passage of Golubria   Tloc           61%        N/A       1%          4
j - Teleport Other        Tloc           61%        N/A       1%          3
k - Blink                 Tloc           100%       N/A       1%          2
l - Haunt                 Necr/Summ      36%        N/A       12%         7

Your spell library contained the following spells:

 Spells                   Type           Power      Damage    Failure   Level
 Summon Small Mammal      Summ           100%       N/A       0%          1
 Call Imp                 Summ           100%       N/A       0%          2
 Call Canine Familiar     Summ           87%        N/A       0%          3
 Freeze                   Ice            100%       1d10      1%          1
 Kiss of Death            Conj/Necr      100%       2d13      1%          1
 Necrotise                Necr           100%       1d9       1%          1
 Shock                    Conj/Air       100%       1d9       1%          1
 Slow                     Hex            100%       N/A       1%          1
 Ensorcelled Hibernation  Hex/Ice        70%        N/A       1%          2
 Lesser Beckoning         Tloc           100%       N/A       1%          2
 Momentum Strike          Conj/Tloc      90%        3d10      1%          2
 Sublimation of Blood     Necr           54%        N/A       1%          2
 Gell's Gravitas          Tloc           61%        N/A       1%          3
 Portal Projectile        Hex/Tloc       100%       N/A       1%          3
 Vampiric Draining        Necr           54%        2d9       1%          3
 Vhi's Electric Charge    Tloc/Air       100%       N/A       1%          3
 Animate Dead             Necr           54%        N/A       1%          4
 Dispel Undead            Necr           54%        3d20      1%          4
 Manifold Assault         Tloc           61%        N/A       1%          4
 Summon Ice Beast         Ice/Summ       66%        N/A       1%          4
 Summon Lightning Spire   Summ/Air       67%        N/A       1%          4
 Beastly Appendage        Tmut           46%        N/A       3%          1
 Foxfire                  Conj/Fire      92%        2x1d8     3%          1
 Magic Dart               Conj           92%        1d7       3%          1
 Sting                    Tmut/Pois      92%        1d7       3%          1
 Poisonous Vapours        Pois/Air       60%        N/A       3%          2
 Static Discharge         Conj/Air       60%        2-5/arc   3%          2
 Confusing Touch          Hex            37%        N/A       3%          3
 Tukima's Dance           Hex            37%        N/A       3%          3
 Frozen Ramparts          Ice            64%        1d10      4%          3
 Ozocubu's Armour         Ice            32%        N/A       4%          3
 Anguish                  Hex/Necr       23%        N/A       4%          4
 Passwall                 Tmut/Erth      19%        N/A       5%          2
 Scorch                   Fire           46%        2d6       5%          2
 Searing Ray              Conj           46%        2d6       5%          2
 Wereblood                Tmut           23%        N/A       5%          2
 Iskenderun's Mystic Bla  Conj/Tloc      45%        2d10      5%          4
 Dazzling Flash           Conj/Hex       60%        N/A       6%          3
 Inner Flame              Hex/Fire       30%        N/A       6%          3
 Hailstorm                Conj/Ice       27%        3d7       8%          3
 Mephitic Cloud           Conj/Pois/Air  27%        N/A       8%          3
 Ignite Poison            Fire/Tmut/Pois 23%        N/A       11%         3
 Spider Form              Tmut/Pois      23%        N/A       11%         3
 Stone Arrow              Conj/Erth      46%        3d9       11%         3
 Airstrike                Air            18%        2d(3-19)  11%         4
 Cause Fear               Hex            18%        N/A       11%         4
 Fulminant Prism          Conj/Hex       15%        3d11      21%         4
 Leda's Liquefaction      Hex/Erth       15%        N/A       21%         4
 Ice Form                 Ice/Tmut       27%        N/A       24%         4
 Flame Wave               Conj/Fire      23%        2d8       36%         4
 Sticky Flame             Conj/Fire      23%        2d4       36%         4
 Summon Cactus Giant      Summ           43%        N/A       1%          6
 Summon Hydra             Summ           43%        N/A       1%          7
 Agony                    Necr           54%        N/A       6%          5
 Borgnjor's Vile Clutch   Necr/Erth      19%        N/A       24%         5
 Silence                  Hex/Air        18%        N/A       30%         5
 Metabolic Englaciation   Hex/Ice        17%        N/A       36%         5
 Freezing Cloud           Conj/Ice/Air   15%        6-21      45%         5
 Spellforged Servitor     Conj/Summ      31%        N/A       45%         7
 Arcjolt                  Conj/Air       15%        1d25      50%         5
 Yara's Violent Unravell  Hex/Tmut       15%        3d8       50%         5
 Simulacrum               Ice/Necr       22%        N/A       65%         6
 Alistair's Intoxication  Tmut/Pois      15%        N/A       71%         5
 Blade Hands              Tmut           11%        N/A       71%         5
 Fireball                 Conj/Fire      11%        3d7       71%         5
 Irradiate                Conj/Tmut      11%        3d15      71%         5
 Iskenderun's Battlesphe  Conj           23%        2d8       71%         5
 Lee's Rapid Deconstruct  Erth           11%        3d8*      71%         5
 Dragon's Call            Summ           43%        N/A       71%         9
 Conjure Ball Lightning   Conj/Air       15%        3x3d6     97%         6
 Plasma Beam              Fire/Air       15%        2x1d29    97%         6
 Eringya's Noxious Bog    Tmut/Pois      11%        N/A       99%         6
 Starburst                Conj/Fire      11%        6d5       99%         6
 Statue Form              Tmut/Erth      15%        N/A       99%         6
 Disjunction              Tloc           30%        N/A       99%         8
 Dragon Form              Tmut           11%        N/A       100%        7
 Enfeeble                 Hex            18%        N/A       100%        7
 Orb of Destruction       Conj           11%        9d6       100%        7
 Ozocubu's Refrigeration  Ice            16%        4d11      100%        7
 Storm Form               Tmut/Air       15%        N/A       100%        7
 Borgnjor's Revivificati  Necr           27%        N/A       100%        8
 Discord                  Hex            18%        N/A       100%        8
 Ignition                 Fire           11%        3d5       100%        8
 Infestation              Necr           27%        N/A       100%        8
 Lehudib's Crystal Spear  Conj/Erth      11%        10d4      100%        8
 Necromutation            Tmut/Necr      19%        N/A       100%        8
 Chain Lightning          Conj/Air       15%        3d20      100%        9
 Death's Door             Necr           27%        N/A       100%        9
 Fire Storm               Conj/Fire      11%        8d3       100%        9
 Polar Vortex             Ice            16%        N/A       100%        9


Dungeon Overview and Level Annotations

Branches:
Dungeon (15/15)            Temple (0/1) D:6            Lair (5/5) D:11
 Shoals (4/4) Lair:3        Snake (4/4) Lair:3        Slime (0/5) Lair:5
    Orc (2/2) D:12            Elf (0/3) Orc:2        Vaults (4/5) D:14
  Crypt (0/3) Vaults:2     Depths (3/4) D:15        Desolation (visited)

Altars:
Ashenzari
Dithmenos
Elyvilon
Fedhas
Gozag
Hepliaklqana
Ru
Sif Muna
Wu Jian
Xom
Yredelemnul
Zin
The Shining One
Jiyva

Shops:
D:2 (   D:9 *   D:10 :   D:11 =   D:14 :   Orc:2 ([(!   Shoals:1 (
Snake:2 :![   Vaults:3 :   Depths:2 :=:

Portals:
Hell: Depths:1 Depths:2
Abyss: Depths:1 Depths:3
Pandemonium: Depths:1 Depths:2
Ziggurat: Depths:3

Annotations:
D:3 Sigmund
D:4 Edmund
D:15 3 runed translucent doors, Olod Elouc's ghost, journeyman MeEE
Lair:1 3 runed translucent doors, pigah's ghost, journeyman OpAE
Shoals:3 Mara
Snake:1 3 runed translucent doors, Dadbod's ghost, adept FoFi; Elinuc's ghost, adept DEHW; Razfen's ghost, adept GnWn; Romunoh's ghost, adept SpBr
Depths:2 2 runed translucent doors
Depths:3 1 transporter


Innate Abilities, Weirdness & Mutations

You can breathe wild blasts of lightning.
Your glossy black scales are hard. (AC +11)
You cannot fit into any form of body armour.
Your large and strong wings let you fly.
You are resistant to electric shocks. (rElec)
You are cold-blooded and may be slowed by cold attacks.
You are dopey. (Int -2)


Message History

Something hits you!!
* * * LOW HITPOINT WARNING * * *
Something bites you but does no damage.
You fly downwards.
Level annotation: 1 transporter Reactivating autopickup.
There is a stone staircase leading up here.
Okay, then.
Deactivating autopickup; reactivate with Ctrl-A.
Something draws life force from you!
* * * LOW HITPOINT WARNING * * *
You hear some strange, mumbled words.
Something tries to affect you, but you resist.
Okay, then.
As you read the scroll of fog, it crumbles to dust.
The scroll dissolves into smoke.
Something hits you!
* * * LOW HITPOINT WARNING * * *
You block something's attack. Something draws life force from you.
* * * LOW HITPOINT WARNING * * *
Casting: Monstrous Menagerie (mildly dangerous; 1% risk of failure)
Confirm with . or Enter, or press ? or * to list all spells.
You summon a lindwurm!
Something hits you!!
* * * LOW HITPOINT WARNING * * *
Something hits your lindwurm!! Something bites you but does no damage.
You feel better. Something hits you but does no damage.
Something hits your lindwurm! You block something's attack. Something hits you!
* * * LOW HITPOINT WARNING * * *
Something hits your lindwurm!! Something bites you but does no damage.
Your lindwurm bites something but does no damage.
Your lindwurm claws something but does no damage.
Your lindwurm closely misses something.
Okay, then.
You feel better. Something hits your lindwurm!!
Your lindwurm dies!
Your lindwurm's corpse disappears in a puff of smoke!
Something hits you!
* * * LOW HITPOINT WARNING * * *
You feel better. Something hits you!!!
You die...

### ## #######.# .##
#....#..###
..#######.....§§§.#
.....##.##....§§§##
.....#..#.....§§@§##
.....#........§§{§§#
..............§.§§##
[.............§####
#..............#
#.................
#..................
#....§.............
##..§§≈................


There were no monsters in sight!

Vanquished Creatures
  A frost giant (Depths:2)
  A fenstrider witch (shapeshifter) (Vaults:4)
  An imperial myrmidon (Desolation)
  3 ironbound preservers
  3 very ugly things (Depths:2)
  A stone giant (D:15)
  A dire elephant (Vaults:3)
  A spark wasp (Depths:2)
  2 ragged hierophants
  An entropy weaver (Vaults:4)
  A yaktaur captain (Vaults:4)
  A jiangshi (Depths:1)
  A peacekeeper (Desolation)
  A servant of whispers (Desolation)
  A hydra (Lair:3)
  A catoblepas (Lair:5)
  An anaconda (Snake:4)
  2 boulder beetles
  A satyr (Shoals:4)
  3 death yaks
  A vampire mage (Depths:2)
  2 shock serpents
  A skyshark (Lair:4)
  6 deep trolls
  A sea snake (Shoals:4)
  An orc knight (Orc:1)
  A lindwurm (Lair:5)
  A wizard (Vaults:4)
  A mana viper (Snake:3)
  A wolf spider (D:14)
  2 orc sorcerers (Orc:2)
  2 manticores
  10 elephants
  2 vault sentinels
  15 black mambas
  2 naga magi
  Maurice (D:8)
  A water nymph (Shoals:3)
  6 cane toads
  Psyche (D:8)
  A kobold demonologist (D:9)
  A spriggan zombie (Depths:1)
  3 rime drakes
  4 yaktaurs
  A wind drake (Shoals:4)
  A troll (D:11)
  Grinder (D:6)
  A merfolk (Shoals:3)
  2 hornets (Lair:5)
  10 nameless horrors
  5 saltlings (Desolation)
  8 blink frogs
  4 slime creatures
  A wraith (Vaults:2)
  3 wyverns (Lair:5)
  2 basilisks
  11 yaks
  A vampire mosquito (D:12)
  A basilisk (shapeshifter) (D:13)
  13 water moccasins
  3 hell hounds (Lair:5)
  4 wargs
  A black bear (Lair:5)
  4 orc warriors
  2 ogres (D:4)
  9 wolves (Lair:5)
  A centaur (D:6)
  2 boggarts
  2 phantoms (D:6)
  10 bullfrogs
  Blork the orc (D:6)
  A gnoll sergeant (D:10)
  A scorpion (Lair:3)
  A wight (D:7)
  Dowan (D:7)
  A howler monkey (D:5)
  5 centaur zombies (D:10)
  2 jellies
  4 hounds
  9 orc priests
  Terence (D:3)
  4 iguanas
  18 orc wizards
  3 hell rats (Lair:4)
  A howler monkey zombie (D:10)
  7 adders
  11 gnolls
  A shadow imp (D:6)
  8 white imps
  An ufetubus (D:4)
  A dart slug (D:3)
  2 worms
  46 orcs
  9 endoplasms
  6 giant cockroaches
  6 goblins
  6 hobgoblins
  6 jackals
  14 kobolds
  6 quokkas
  8 ball pythons
  6 bats
  4 frilled lizards
  A frilled lizard (shapeshifter) (Depths:2)
  A rat (D:3)
401 creatures vanquished.

Vanquished Creatures (collateral kills)
  Sojobo (Vaults:4)
  Bai Suzhen (Shoals:4)
  Saint Roka (Vaults:1)
  Jorgrun (Shoals:1)
  An ancient champion (Vaults:2)
  A kraken (Shoals:4)
  A sphinx (Vaults:4)
  Polyphemus (Shoals:2)
  Gastronok (Lair:2)
  A shadow dragon (Vaults:2)
  2 tengu reavers
  Donald (Orc:2)
  3 nagarajas
  3 vault wardens
  6 frost giants
  A fire giant (Depths:2)
  A juggernaut zombie (Depths:1)
  A spriggan defender (Depths:2)
  4 orc warlords
  13 very ugly things
  7 ironbound preservers
  7 ironbound thunderhulks
  4 stone giants
  Azrael (Orc:2)
  21 dire elephants
  3 spark wasps (Depths:2)
  4 crystal guardians
  7 yaktaur captains
  2 merfolk javelineers (Shoals:4)
  An ettin (Depths:2)
  2 jiangshi (Depths:2)
  11 merfolk impalers
  A ragged hierophant (Desolation)
  Josephine (Shoals:1)
  6 hydras
  4 servants of whispers (Desolation)
  3 rakshasas
  An ice dragon (Depths:3)
  3 vault guards (Vaults:2)
  5 peacekeepers
  2 entropy weavers
  3 spriggan air magi (Depths:2)
  4 great orbs of eyes
  6 salamander tyrants
  2 alligator snapping turtles
  7 ironbound frosthearts
  3 merfolk aquamancers (Shoals:4)
  13 anacondas
  Erica (D:8)
  2 catoblepae
  2 two-headed ogres
  7 centaur warriors
  2 merfolk avatars (Shoals:3)
  4 death yaks
  A satyr (Shoals:4)
  A vampire mage (Vaults:2)
  13 naga sharpshooters
  3 boulder beetles (D:14)
  9 tengu warriors
  2 deep troll shamans
  2 spriggan berserkers (Depths:2)
  12 naga warriors
  An orc high priest (Orc:2)
  10 shock serpents
  4 hell knights
  3 iron trolls
  A skeletal warrior (Vaults:2)
  Amaemon (Lair:3)
  6 salamander mystics (Snake:4)
  2 skysharks
  22 deep trolls
  A flayed ghost (Depths:1)
  9 sea snakes
  12 nameless horrors
  A spark wasp zombie (Depths:3)
  9 naga ritualists
  4 wizards
  17 ironbound convokers
  7 lindwurms
  19 harpies
  A deep elf pyromancer (D:14)
  16 mana vipers
  2 wolf spiders
  A wolf spider (shapeshifter) (D:14)
  5 necromancers
  17 fauns
  4 orc sorcerers
  A shining eye (shapeshifter) (Depths:1)
  16 ugly things
  9 orc knights
  9 cyclopes
  A tengu skeleton (Depths:1)
  12 manticores
  22 salamanders
  A cyclops (shapeshifter) (Vaults:2)
  An elephant (shapeshifter) (D:15)
  13 merfolk sirens
  39 black mambas
  13 elephants
  A water nymph (shapeshifter) (D:14)
  A frost giant skeleton (Vaults:2)
  3 water nymphs
  8 guardian serpents
  13 naga magi
  A yaktaur zombie (Vaults:2)
  16 vault sentinels
  4 cane toads
  A rime drake (Lair:5)
  A komodo dragon (Lair:4)
  An unseen horror (D:12)
  2 freezing wraiths (D:14)
  2 efreet
  5 tengu conjurers
  A yaktaur (shapeshifter) (D:14)
  10 yaktaurs
  4 kobold demonologists
  21 merfolk
  7 trolls
  10 polar bears (Lair:5)
  11 wind drakes
  8 blink frogs
  A tengu simulacrum (Depths:3)
  5 hornets
  27 saltlings
  A tarantella (shapeshifter) (Vaults:3)
  A spriggan zombie (Depths:1)
  8 snapping turtles
  An elf zombie (Vaults:2)
  4 dream sheep (Shoals:2)
  4 raiju (Lair:5)
  A spriggan (shapeshifter) (D:13)
  A centaur simulacrum (D:14)
  38 slime creatures
  A spriggan skeleton (Depths:1)
  2 wyverns
  4 spriggans (Depths:2)
  A vampire (D:11)
  5 yaks
  3 wraiths (Shoals:1)
  A fire elemental (Orc:2)
  A human (shapeshifter) (D:14)
  7 water elementals
  3 basilisks
  2 redbacks (Vaults:4)
  7 vampire mosquitoes
  2 acid dragons
  36 nagas
  10 wargs
  10 water moccasins
  13 hell hounds
  A sky beast (D:8)
  11 black bears
  28 orc warriors
  7 wolves (Lair:5)
  An ogre (Orc:2)
  4 boggarts
  6 centaurs
  2 kobold brigands
  A bullfrog (Lair:2)
  A wight (D:7)
  4 howler monkeys
  5 electric eels
  2 jellies (Lair:5)
  24 orc priests
  A gnoll bouda (Orc:2)
  A hell rat (Lair:4)
  11 orc wizards
  7 gnolls
  5 white imps (Lair:1)
  67 orcs
  An endoplasm (Lair:5)
  9 kobolds
  A spectral weapon (Shoals:4)
  4 tentacles (Shoals:4)
1087 creatures vanquished.

Vanquished Creatures (others)
  Rupert (D:13)
  2 tengu reavers
  A frost giant (Depths:2)
  A hydra (Lair:2)
  A catoblepas (D:14)
  A centaur warrior (D:14)
  A skyshark (Lair:5)
  Pikel (D:7)
  An elephant (Lair:3)
  A nameless horror (Shoals:4)
  3 black mambas
  4 centaur zombies (D:10)
  An orange demon (Lair:3)
  2 cane toads
  Maggie (D:7)
  An unseen horror zombie (D:10)
  A kobold demonologist (D:10)
  3 komodo dragons
  A polar bear (Lair:1)
  A troll (D:11)
  A saltling (Desolation)
  A hornet (D:9)
  A blink frog (Lair:4)
  2 wyverns (Lair:5)
  A shadow (D:9)
  14 yaks
  A steam dragon (D:7)
  An acid dragon (D:7)
  A naga (Snake:2)
  Duvessa (D:7)
  An orc warrior (D:10)
  A wolf (Lair:5)
  3 centaurs
  4 wights
  A human zombie (D:8)
  3 gnoll boudas (D:8)
  An orc priest (D:11)
  2 orc wizards
  4 gnolls (D:8)
  An orc (D:8)
  2 snaplasher vines
  4 tentacles (Shoals:4)
80 creatures vanquished.

Grand Total: 1568 creatures vanquished

Notes
Turn   | Place    | Note
-------+----------+-------------------------------------------
     0 | D:5      | Strat the Draconian Delver began the quest for the Orb.
     0 | D:5      | Reached XP level 1. HP: 19/19 MP: 1/1
     3 | D:5      | Found a shimmering blue altar of Sif Muna.
    18 | D:5      | Became a worshipper of Sif Muna the Loreminder
    43 | D:4      | Noticed Edmund
    87 | D:4      | Noticed an ogre
   186 | D:3      | Noticed Sigmund
   239 | D:3      | Noticed Terence
   333 | D:2      | Reached XP level 2. HP: 27/27 MP: 2/2
   687 | D:1      | Reached XP level 3. HP: 34/34 MP: 3/3
  1020 | D:1      | Reached * piety under Sif Muna
  1085 | D:1      | Reached skill level 5 in Fighting
  1472 | D:2      | Found Yferch's Weapon Shoppe.
  1487 | D:2      | Found a sacrificial altar of Ru.
  1638 | D:2      | Reached XP level 4. HP: 42/42 MP: 4/4
  2324 | D:3      | Killed Terence
  2325 | D:3      | Reached XP level 5. HP: 44/50 MP: 5/5
  2511 | D:3      | Found an ornate altar of the Wu Jian Council.
  2511 | D:3      | Found a hazy altar of Hepliaklqana.
  2519 | D:3      | Found a faded altar of an unknown god.
  2521 | D:3      | Found a glowing silver altar of Zin.
  2523 | D:3      | Found a faded altar of an unknown god.
  2645 | D:4      | Noticed an ogre
  2755 | D:4      | Reached ** piety under Sif Muna
  2925 | D:4      | Killed an ogre
  2926 | D:4      | Reached XP level 6. HP: 48/58 MP: 6/6
  3574 | D:5      | Learned a level 1 spell: Summon Small Mammal
  3578 | D:5      | Learned a level 3 spell: Call Canine Familiar
  3694 | D:5      | Reached skill level 1 in Summonings
  3975 | D:5      | Reached skill level 1 in Spellcasting
  4114 | D:5      | Noticed an ice beast
  4262 | D:6      | Reached skill level 2 in Summonings
  4262 | D:6      | Your scales start taking on a glossy black colour.
  4262 | D:6      | Reached XP level 7. HP: 64/64 MP: 8/8
  4262 | D:6      | Gained mutation: You are resistant to electric shocks.
                  | (rElec) [Black Draconian growth]
  4318 | D:6      | Found a glowing drain.
  4331 | D:6      | Noticed Grinder
  4375 | D:6      | Paralysed by Grinder for 3 turns
  4383 | D:6      | Killed Grinder
  4384 | D:6      | Reached skill level 3 in Summonings
  4463 | D:6      | Found a broken altar of Ashenzari.
  4604 | D:6      | Found a blossoming altar of Fedhas.
  4606 | D:6      | Found a staircase to the Ecumenical Temple.
  4637 | D:6      | Reached skill level 4 in Summonings
  4955 | D:6      | Reached XP level 8. HP: 71/71 MP: 12/12
  4959 | D:6      | Learned a level 3 spell: Summon Guardian Golem
  5043 | D:6      | Reached skill level 5 in Summonings
  5300 | D:6      | Noticed Blork the orc
  5317 | D:6      | Killed Blork the orc
  5318 | D:6      | Reached skill level 6 in Summonings
  5641 | D:7      | Noticed Maggie
  5674 | D:7      | Killed Maggie
  5675 | D:7      | Reached skill level 1 in Hexes
  5675 | D:7      | Reached skill level 7 in Summonings
  6376 | D:7      | Noticed Pikel
  6384 | D:7      | Killed Pikel
  6385 | D:7      | Reached skill level 9 in Summonings
  6385 | D:7      | Reached XP level 9. HP: 78/78 MP: 7/13
  6754 | D:7      | Noticed Duvessa
  6782 | D:7      | Killed Duvessa
  6786 | D:7      | Noticed Dowan
  6843 | D:7      | Killed Dowan
  6953 | D:7      | Learned a level 4 spell: Summon Ice Beast
  7139 | D:8      | Reached skill level 10 in Summonings
  7139 | D:8      | Reached skill level 1 in Ice Magic
  7308 | D:8      | Reached *** piety under Sif Muna
  7390 | D:8      | Noticed Erica
  7410 | D:8      | Killed Erica
  7868 | D:8      | Reached XP level 10. HP: 83/83 MP: 16/16
  7937 | D:8      | Noticed Psyche
  7992 | D:8      | Reached skill level 11 in Summonings
  8091 | D:8      | Noticed Maurice
  8175 | D:8      | Killed Maurice
  8231 | D:8      | Killed Psyche
  8232 | D:8      | Reached skill level 5 in Spellcasting
  8651 | D:9      | Found Edatzigg's Assorted Antiques.
  8656 | D:9      | Bought a smoky clear potion for 18 gold pieces
  8656 | D:9      | Bought a yellow potion for 18 gold pieces
  9036 | D:9      | Noticed a rust devil
  9123 | D:9      | Reached skill level 12 in Summonings
  9149 | D:9      | Reached **** piety under Sif Muna
  9385 | D:9      | Noticed a rust devil
  9824 | D:8      | Learned a level 5 spell: Summon Mana Viper
 10026 | D:9      | Reached skill level 13 in Summonings
 10334 | D:10     | Entered Level 10 of the Dungeon
 10439 | D:10     | Reached XP level 11. HP: 79/91 MP: 19/21
 10510 | D:10     | Found a basalt altar of Yredelemnul.
 10950 | D:10     | Reached skill level 14 in Summonings
 11119 | D:10     | Identified the +0 plate armour of the Wumpus {Int+3}
 11138 | D:10     | Found Pememaeh's Tiny Tomes.
 11143 | D:10     | Bought the Grimoire of Companions for 252 gold pieces
 11152 | D:10     | Learned a level 8 spell: Summon Horrible Things
 11350 | D:10     | Identified the +5 helmet of the Game of Life {Rampage rPois
                  | rN+ Stlth+}
 12145 | D:10     | Reached ***** piety under Sif Muna
 12338 | D:11     | Found Neipei's Jewellery Emporium.
 12385 | D:11     | Identified the ring of Tilog {Fly Will+ Int-5 Stlth+}
 12591 | D:11     | Found a staircase to the Lair.
 12786 | D:11     | Received a gift from Sif Muna
 12791 | D:11     | Got Sif Muna's Catalogue of Bruises {god gift}
 12972 | Lair:1   | Entered Level 1 of the Lair of Beasts
 13363 | Lair:1   | Reached XP level 12. HP: 101/101 MP: 20/24
 13377 | Lair:1   | Reached skill level 5 in Short Blades
 13388 | Lair:1   | Found a runed translucent gate.
 13388 | Lair:1   | Found a runed translucent gate.
 13388 | Lair:1   | Found a runed translucent gate.
 13528 | Lair:1   | Noticed pigah's ghost (journeyman OpAE)
 14437 | Lair:2   | Noticed Gastronok
 14454 | Lair:2   | Killed Gastronok
 14455 | Lair:2   | Reached skill level 5 in Dodging
 14778 | Lair:2   | Noticed a seven-headed hydra
 14805 | Lair:2   | Noticed a five-headed hydra
 14855 | Lair:2   | Killed a seven-headed hydra
 14986 | Lair:2   | Killed a five-headed hydra
 15100 | Lair:2   | Noticed a boulder beetle
 15360 | Lair:2   | Noticed a five-headed hydra
 15370 | Lair:2   | Killed a five-headed hydra
 15489 | Lair:2   | Killed a boulder beetle
 15489 | Lair:2   | Received a gift from Sif Muna
 15492 | Lair:2   | Got Sif Muna's Elucidation of Misty Freezing {god gift}
 15585 | Lair:2   | Learned a level 7 spell: Monstrous Menagerie
 15654 | Lair:3   | Found a staircase to the Snake Pit.
 15739 | Lair:3   | Noticed a six-headed hydra
 16176 | Lair:3   | Found a shimmering altar of Xom.
 16292 | Lair:3   | Killed a six-headed hydra
 16367 | Lair:3   | Reached XP level 13. HP: 102/112 MP: 21/26
 16707 | Lair:3   | Noticed Amaemon
 16721 | Lair:3   | Killed Amaemon
 16859 | Lair:3   | Reached skill level 10 in Spellcasting
 16910 | Lair:3   | Found a staircase to the Shoals.
 17089 | Lair:3   | Reached skill level 10 in Fighting
 18958 | Lair:5   | Entered Level 5 of the Lair of Beasts
 18983 | Lair:5   | Received a gift from Sif Muna
 19020 | Lair:5   | Got Sif Muna's Anthology of Reformation and the Damned {god
                  | gift}
 19287 | Lair:5   | Reached skill level 15 in Summonings
 19459 | Lair:5   | Found a viscous altar of Jiyva.
 19477 | Lair:5   | Found a staircase to the Slime Pits.
 19943 | Lair:5   | Reached skill level 1 in Invocations
 20074 | Lair:5   | Gained mutation: Your large and strong wings let you fly.
                  | [Black Draconian growth]
 20074 | Lair:5   | Reached XP level 14. HP: 114/121 MP: 24/28
 21703 | Lair:5   | Reached skill level 10 in Short Blades
 21728 | Lair:5   | Received a gift from Sif Muna
 21834 | Lair:5   | Got Sif Muna's Cyclopedia of Puissant Toxicants {god gift}
 22361 | D:11     | Bought the amulet "Piclaul" {RegenMP Int+4} for 544 gold
                  | pieces
 23009 | Lair:5   | Reached skill level 5 in Invocations
 23448 | D:12     | Found a staircase to the Orcish Mines.
 23825 | D:12     | Reached skill level 16 in Summonings
 24224 | Orc:1    | Entered Level 1 of the Orcish Mines
 24271 | Orc:1    | Received a gift from Sif Muna
 24272 | Orc:1    | Got Sif Muna's Directory of Relocated Apparitions {god
                  | gift}
 24662 | Orc:2    | Entered Level 2 of the Orcish Mines
 24823 | Orc:2    | Reached skill level 10 in Dodging
 25290 | Orc:2    | Found Kuvono's Distillery.
 25435 | Orc:2    | Noticed Donald
 25446 | Orc:2    | Killed Donald
 25533 | Orc:2    | Reached XP level 15. HP: 126/126 MP: 25/30
 25551 | Orc:2    | Found a staircase to the Elven Halls.
 25575 | Orc:2    | Noticed Azrael
 25587 | Orc:2    | Killed Azrael
 25904 | Orc:2    | Received a gift from Sif Muna
 26155 | Orc:2    | Got Sif Muna's Excursus on Unclean Last Rites {god gift}
 26487 | Orc:2    | Found Nexeovveist's Weapon Shop.
 26582 | Orc:2    | Found Ileet's Antique Weapon Shoppe.
 26584 | Orc:2    | Found Oxigi's Antique Armour Emporium.
 27228 | D:13     | Identified the +3 sling of Terror {drain, rPois Will+ Str-3
                  | Dex+8}
 27364 | D:13     | Reached skill level 1 in Shields
 27514 | D:13     | Noticed Rupert
 27540 | D:13     | Killed Rupert
 28414 | D:14     | Received a gift from Sif Muna
 28753 | D:14     | Identified the ring "Ifee" {Will+ Int+3 Slay+3 Stlth+}
 29025 | D:14     | Found Vyawoom's Book Shoppe.
 29092 | D:14     | Found a gate to the Vaults.
 29583 | D:15     | Entered Level 15 of the Dungeon
 30287 | D:15     | Reached skill level 17 in Summonings
 30727 | D:15     | Found a staircase to the Depths.
 30733 | D:15     | Reached skill level 5 in Shields
 30898 | D:15     | Found a runed translucent gate.
 30898 | D:15     | Found a runed translucent gate.
 30900 | D:15     | Found a runed translucent gate.
 30901 | D:15     | Noticed Olod Elouc's ghost (journeyman MeEE)
 30906 | D:15     | Found a viscous altar of Jiyva.
 31207 | Snake:1  | Entered Level 1 of the Snake Pit
 31271 | Snake:1  | Reached XP level 16. HP: 134/134 MP: 27/32
 31618 | Snake:1  | Received a gift from Sif Muna
 31832 | Snake:1  | Found a runed translucent gate.
 31832 | Snake:1  | Found a runed translucent gate.
 31832 | Snake:1  | Found a runed translucent gate.
 31833 | Snake:1  | Noticed Romunoh's ghost (adept SpBr)
 31833 | Snake:1  | Noticed Dadbod's ghost (adept FoFi)
 31833 | Snake:1  | Noticed Elinuc's ghost (adept DEHW)
 31833 | Snake:1  | Noticed Razfen's ghost (adept GnWn)
 32257 | Snake:1  | Reached skill level 10 in Invocations
 32509 | Snake:1  | Upgraded the game from 0.30.0-16-gbe6223bb7e to
                  | 0.30.0-17-ge0270778cf
 32689 | Snake:2  | Found Siti's Antique Armour Boutique.
 32690 | Snake:2  | Found Zoud's Weapon Boutique.
 32690 | Snake:2  | Found Gidakofi's Book Shop.
 32695 | Snake:2  | Found Exica's Distillery.
 32701 | Snake:2  | Bought a potion of heal wounds for 105 gold pieces
 32701 | Snake:2  | Bought a potion of heal wounds for 105 gold pieces
 32708 | Snake:2  | Bought a pair of glowing gloves for 307 gold pieces
 33154 | Snake:2  | Found an opulent altar of Gozag.
 34070 | Snake:3  | Received a gift from Sif Muna
 34210 | Snake:3  | Learned a level 1 spell: Apportation
 34214 | Snake:3  | Learned a level 3 spell: Swiftness
 34219 | Snake:3  | Learned a level 4 spell: Passage of Golubria
 34292 | Snake:3  | Reached skill level 1 in Air Magic
 34333 | Snake:3  | Reached skill level 1 in Translocations
 35034 | Snake:3  | Found a shadowy altar of Dithmenos.
 35810 | Snake:4  | Entered Level 4 of the Snake Pit
 35824 | Snake:4  | Reached skill level 18 in Summonings
 35837 | Snake:4  | Reached XP level 17. HP: 140/140 MP: 14/34
 36135 | Snake:4  | Received a gift from Sif Muna
 36730 | Snake:4  | Reached skill level 5 in Translocations
 37432 | Snake:4  | Reached skill level 10 in Shields
 37776 | Snake:4  | Reached skill level 19 in Summonings
 37971 | Snake:4  | Got a serpentine rune of Zot
 38124 | Shoals:1 | Entered Level 1 of the Shoals
 38142 | Shoals:1 | Received a gift from Sif Muna
 38243 | Shoals:1 | Noticed Josephine
 38254 | Shoals:1 | Killed Josephine
 38483 | Shoals:1 | Noticed Jorgrun
 38498 | Shoals:1 | Killed Jorgrun
 38621 | Shoals:1 | Found Kozxij's Weapon Shoppe.
 39142 | Shoals:2 | Noticed Polyphemus
 39417 | Shoals:2 | Learned a level 3 spell: Teleport Other
 39591 | Shoals:2 | Killed Polyphemus
 39621 | Shoals:2 | Received a gift from Sif Muna
 39622 | Shoals:2 | Reached XP level 18. HP: 58/147 MP: 31/35
 39833 | Shoals:2 | Learned a level 2 spell: Blink
 40484 | Shoals:3 | Noticed Mara
 41257 | Shoals:3 | Noticed Strat's illusion
 41631 | Shoals:4 | Entered Level 4 of the Shoals
 41989 | Shoals:4 | Received a gift from Sif Muna
 41994 | Shoals:4 | Got Xenug's Quarto of Shifting and the Pyromaniac {god
                  | gift}
 42019 | Shoals:4 | Noticed Bai Suzhen
 42030 | Shoals:4 | Killed Bai Suzhen
 44091 | Shoals:4 | Got a barnacled rune of Zot
 44430 | Vaults:1 | Entered Level 1 of the Vaults
 44436 | Vaults:1 | Found a crumbling gateway.
 44482 | Desolati | Entered the Desolation of Salt
 44530 | Desolati | Received a gift from Sif Muna
 44531 | Desolati | Reached skill level 20 in Summonings
 44556 | Desolati | Reached skill level 15 in Spellcasting
 44591 | Desolati | Got Sif Muna's Handbook of Attacks and the Xenotype {god
                  | gift}
 44598 | Vaults:1 | Reached XP level 19. HP: 53/154 MP: 20/38
 44935 | Vaults:1 | Noticed Saint Roka
 45395 | Vaults:1 | Learned a level 5 spell: Summon Forest
 45728 | Vaults:1 | Killed Saint Roka
 46468 | Vaults:1 | Received a gift from Sif Muna
 46469 | Vaults:1 | Got Sif Muna's Omnibus of the Sixfirhy {god gift}
 46951 | Vaults:1 | You are sucked into a shaft and drop 1 floor!
 47030 | Vaults:2 | Reached ****** piety under Sif Muna
 47053 | Vaults:2 | Found a flickering gateway to a bazaar.
 47062 | Bazaar   | Entered a bazaar
 47062 | Bazaar   | Found Goescheos's Assorted Antiques.
 47062 | Bazaar   | Found Zeicomp's Weapon Shop.
 47062 | Bazaar   | Found Beggin's Antique Armour Shoppe.
 47175 | Bazaar   | Found Amamae's Book Boutique.
 47227 | Bazaar   | Bought a scroll of magic mapping for 195 gold pieces
 47230 | Bazaar   | Bought a runed cloak for 112 gold pieces
 47719 | Vaults:2 | Received a gift from Sif Muna
 47722 | Vaults:2 | Got Nisui's Compilation of the Fateful Volley {god gift}
 48020 | Vaults:2 | Reached skill level 1 in Evocations
 49629 | Vaults:2 | Reached XP level 20. HP: 113/161 MP: 34/42
 49790 | Vaults:2 | Found a staircase to the Crypt.
 49996 | Vaults:3 | Reached skill level 5 in Evocations
 50054 | Vaults:3 | Gained mutation: You are dopey. (Int -2) [a shining eye]
 50237 | Vaults:3 | Found Tumeil's Book Boutique.
 51826 | Vaults:4 | Received a gift from Sif Muna
 52375 | Vaults:4 | Noticed Sojobo
 52396 | Vaults:4 | Paralysed by an air elemental for 1 turns
 52399 | Vaults:4 | Paralysed by an air elemental for 1 turns
 52412 | Vaults:4 | Killed Sojobo
 53065 | Vaults:4 | Learned a level 2 spell: Lesser Beckoning
 53073 | Vaults:4 | Learned a level 6 spell: Dispersal
 53081 | Vaults:4 | Learned a level 7 spell: Haunt
 53180 | Vaults:3 | Reached skill level 1 in Necromancy
 53409 | Depths:1 | Entered Level 1 of the Depths
 53409 | Depths:1 | Found a gateway to Hell.
 53445 | Depths:1 | Found a shimmering altar of Xom.
 53446 | Depths:1 | Found a shimmering altar of Xom.
 53666 | Depths:1 | Found a one-way gate leading to the halls of Pandemonium.
 53767 | Depths:1 | Identified the +3 falchion "Beastslayer" {freeze, Stlth+}
 54040 | Depths:1 | Found the -2 hat of the Alchemist {rElec rPois rF+ rC+ rN+
                  | Will+ rMut rCorr}
 54233 | Depths:1 | Found a glowing golden altar of the Shining One.
 54370 | Depths:1 | Identified a scroll of acquirement
 54370 | Depths:1 | Acquired the +8 Vampire's Tooth {megavamp}
 54370 | Depths:1 | Found the +8 Vampire's Tooth {megavamp}
 54545 | Depths:1 | Found a one-way gate to the infinite horrors of the Abyss.
 54775 | Depths:2 | Found Xymenifo's Book Shop.
 54775 | Depths:2 | Found Woaps's Jewellery Shoppe.
 54776 | Depths:2 | Found Boal's Book Shop.
 54807 | Depths:2 | Found a glowing golden altar of the Shining One.
 54807 | Depths:2 | Found a white marble altar of Elyvilon.
 54807 | Depths:2 | Found a glowing silver altar of Zin.
 54860 | Depths:2 | Received a gift from Sif Muna
 54861 | Depths:2 | Got Ziepp's Commentary on the Grave and Arson {god gift}
 55718 | Depths:2 | Reached skill level 5 in Necromancy
 56275 | Depths:2 | Reached XP level 21. HP: 98/166 MP: 40/44
 57781 | Depths:3 | Found a transporter.
 58200 | Depths:3 | Noticed a golden dragon
 58641 | Depths:3 | Found a one-way gateway to a ziggurat.
 58920 | Depths:2 | Found a runed translucent door.
 58920 | Depths:2 | Found the +5 glaive of the Guard {elec, spectral, AC+5}
 58922 | Depths:2 | Found a runed translucent door.
 58969 | Depths:3 | HP: 5/168 [something (15)]
 58970 | Depths:3 | Annihilated by a vampire knight

Illustrated notes

Levels and vault maps discovered:
D:1:      dpeg_arrival_round_c, layout_loops_corners
D:2:      layout_loops_ring, serial_shops, shop, basic_altar
D:3:      layout_rooms, chequers_temple_overflow_minitemple, uniq_terence,
          uniq_sigmund
D:4:      layout_basic, hangedman_abyss_or_decor_jellyfish_corner, uniq_edmund
D:5:      layout_loops_corners, mainiacjoe_overflow_alcove_2,
          kennysheep_decorative_pillar
D:6:      layout_basic, mainiacjoe_overflow_cross_hatched,
          fedhas_bush_and_centaur_altar, minmay_temple_entry_crystal_x,
          portal_sewer_entry_f, uniq_blork_the_orc, uniq_grinder
D:7:      layout_basic, minmay_statues_item, item_on_display_a, uniq_pikel,
          uniq_duvessa, uniq_maggie
D:8:      layout_basic, serial_corexii_hall, chequers_hall_statues_y,
          corexii_hall_statues_l, enter_ossuary_3, uniq_maurice, uniq_psyche,
          uniq_erica
D:9:      layout_roguey, serial_shops, shop
D:10:     layout_basic, nicolae_yredelemnul_corpse_copse,
          nicolae_shop_i_like_small_books_too
D:11:     layout_cave_pools, erik_lair_orcish_takeover, serial_shops,
          nicolae_shop_pleasant_corner_grove, kennysheep_generic_room_5
D:12:     layout_basic, hiddenorc2_lemuel, hangedman_decor_lopped
D:13:     layout_roguey, uniq_rupert
D:14:     minmay_the_grid_square_5x5_4x4_mashed
          [minmay_the_grid_square_5x5_three_walls,
          minmay_the_grid_square_5x5_slash,
          minmay_the_grid_square_5x5_bracketed,
          minmay_the_grid_square_5x5_checkered,
          minmay_the_grid_square_5x5_trominoes,
          minmay_the_grid_square_5x5_prize_rear_guard,
          minmay_the_grid_square_5x5_prize_deathbox,
          minmay_the_grid_square_5x5_hollow_slash,
          minmay_the_grid_square_5x5_corner,
          minmay_the_grid_square_5x5_prize_snowflake,
          minmay_the_grid_square_5x5_prize_monsterx,
          minmay_the_grid_square_5x5_six, minmay_the_grid_square_5x5_comb,
          minmay_the_grid_square_5x5_broken_cross, minmay_the_grid_square_5x5_n,
          minmay_the_grid_square_5x5_detours], layout_basic, david_vaults_4,
          serial_shops, shop, chequers_serial_rivers_small_b
D:15:     grunt_enter_depths_snipers, layout_basic, gammafunk_ghost_ooze,
          dk_noncrumbling_2
Lair:1:   layout_regular_city, gammafunk_ghost_necromancy,
          portal_ice_cave_entry_imps, chequers_serial_rivers_room_a,
          serial_bayou_shore_b, grunt_megastairs_2
Lair:2:   nzn_winding_woodlands_medium [nzn_winding_woodlands_hourglass,
          nzn_winding_woodlands_5x15_longhouse,
          nzn_winding_woodlands_5x5_open_star,
          nzn_winding_woodlands_5x5_checkerboard,
          nzn_winding_woodlands_center_diamonds,
          nzn_winding_woodlands_5x5_cross, nzn_winding_woodlands_5x5_perimeter,
          nzn_winding_woodlands_5x15_pool, nzn_winding_woodlands_5x5_default],
          layout_hall_layers, uniq_gastronok
Lair:3:   layout_cave_pods, minmay_shoals_entry_lonely_mermaid,
          dummy_snake_entry, basic_altar, infiniplex_staircase_pool,
          grunt_megastairs_4, uniq_amaemon
Lair:4:   layout_gridlike, st_stairs_3, pdpol_lair_neglected_garden
Lair:5:   hangedman_lair_tendril_chambers, layout_regular_city,
          hangedman_lair_caniforms_friends, nicolae_slime_entry_slimehenge,
          serial_bayou_pond_a, serial_bayou_shore_a
Shoals:1: layout_shoals, serial_shops, shop, uniq_josephine, uniq_jorgrun
Shoals:2: layout_shoals, uniq_polyphemus
Shoals:3: layout_shoals, nzn_prometheus_bound, uniq_mara
Shoals:4: shoals_end_grunt_ice, layout_shoals,
          nicolae_shoals_kraken_intersection, uniq_bai_suzhen
Snake:1:  layout_layer_cave, gammafunk_ghost_cemetery, st_stairs_7,
          grunt_ministairs_9
Snake:2:  layout_onion, basic_altar, grunt_ministairs_9,
          nicolae_elevator_lobby_plus, minmay_shoptagon
Snake:3:  layout_chambers, basic_altar
Snake:4:  grunt_snake_rune_pools, layout_cave_shapes
Orc:1:    cheibrodos_orc_guarddog, layout_diamond_mine
Orc:2:    grunt_orc_community_town_hall, layout_caves,
          grunt_orc_community_big_house_1, grunt_orc_community_big_house_2,
          grunt_orc_community_house_3, grunt_orc_community_house_2,
          grunt_orc_community_house_1, grunt_orc_community_house_2,
          grunt_orc_community_house_2, uniq_donald, uniq_azrael
Vaults:1: portal_desolation_entry_salt, nicolae_vaults_more_shelving_1,
          nicolae_vaults_oval_intersection, v_misc_28,
          hangedman_vaults_restitches, dpeg_vaults_monster_box,
          nicolae_vaults_alarming, layout_vaults_omnigrid, uniq_saint_roka
Vaults:2: v_rooms_6, nicolae_vaults_apartment_1, nicolae_vaults_asterisk,
          vaults_dpeg_hooks, v_misc_5, v_misc_13, nicolae_vaults_house_3,
          st_more_cells, v_misc_18, nicolae_vaults_asterisk,
          vaults_dpeg_emergency_exit, minmay_crypt_entry_simple_round,
          nicolae_vaults_network_periphery, nicolae_vaults_tetromino_L_2,
          nicolae_vaults_little_ls, layout_vaults_ring, serial_glass,
          serial_shops, bzr_entry_lakeside
Vaults:3: nicolae_vaults_ring_of_whatevers, nicolae_vaults_trapezoid_lopsided_1,
          vaults_mumra_hexcomb, ontoclasm_vaults_ring_square,
          nicolae_vaults_closet_pinwheel_3, grunt_vaults_twisty,
          nicolae_vaults_six-pack, vaults_room_corners, vaults_dpeg_ring,
          v_rooms_4, nicolae_vaults_diamond_1, layout_vaults_big_room,
          serial_shops, shop_statue
Vaults:4: vaults_room_glass_cross, vaults_room_corners,
          nicolae_vaults_apartment_2, v_alt_pattern_2, vaults_room_door_hall,
          nicolae_vaults_trapezoid_lopsided_4, nicolae_vaults_house_3,
          nicolae_vaults_three_branches, vaults_dpeg_diagonal,
          nicolae_vaults_diamond_1, nicolae_vaults_triangles,
          layout_vaults_maze_snakey, uniq_sojobo
Depths:1: layout_basic, abyss_entry_small_statue_room, rand_demon_pan_entry_4,
          hell_entry, tso_metal_star, dk_noncrumbling_3, xom_redecorated,
          firewood_loft
Depths:2: impenetrable_vault, layout_gridlike, pf_hell_entry_tar_spiral,
          pan_entry, good_gods_mini_temple, minmay_shop_grove,
          infiniplex_staircase_zigzag_2
Depths:3: gammafunk_jiyva_shrine, layout_cave_pools, enter_ziggurat_a,
          abyss_entry, grunt_qazlal_clouds, hell_entry, st_stairs_2

Skill      XL: |  1  2  3  4  5  6  7  8  9 10 11 12 13 14 15 16 17 18 19 20 21 |
---------------+----------------------------------------------------------------+-----
Fighting       | 4 5 6 7 9 10 | 10.0
Dodging        | 2 3 4 6 8 10 | 10.0
Short Blades   | 3 4 7 9 10 | 10.0
Summonings     | 2 4 9 10 13 14 15 16 17 18 19 20 | 20.0
Spellcasting   | 1 3 4 6 8 9 10 11 12 13 15 18 19 | 19.2
Hexes          | 2 3 |  3.0
Ice Magic      | 2 |  2.0
Invocations    | 1 6 9 10 | 10.8
Shields        | 5 8 12 14 | 14.0
Air Magic      | 3 |  3.0
Translocations | 3 5 7 9 |  9.3
Evocations     | 4 8 |  8.6
Necromancy     | 5 7 |  7.0
Stealth        | |  4.5

Action                     |  1- 3 |  4- 6 |  7- 9 | 10-12 | 13-15 | 16-18 | 19-21 || total
---------------------------+-------+-------+-------+-------+-------+-------+-------++-------
  Melee: Short sword       |   156 |   233 |   354 |   594 |   837 |   241 |   203 ||  2618
         Tailslap          |    22 |    26 |    64 |   106 |   169 |    49 |    92 ||   528
         Punch             |     3 |     4 |     5 |     7 |    13 |     1 |       ||    33
         Unarmed           |       |       |       |     5 |       |       |       ||     5
         Quick blade       |       |       |       |       |       |       |    73 ||    73
   Fire: Sling             |       |       |       |       |    18 |       |       ||    18
   Cast: Summon Small Mamm |       |       |     1 |       |       |       |       ||     1
         Call Canine Famil |       |       |    16 |    39 |    60 |    10 |       ||   125
         Summon Guardian G |       |       |    32 |    75 |    40 |       |       ||   147
         Summon Ice Beast  |       |       |     3 |    12 |       |       |       ||    15
         Summon Mana Viper |       |       |       |    16 |    27 |    48 |    60 ||   151
         Monstrous Menager |       |       |       |       |   187 |   361 |   215 ||   763
         Summon Horrible T |       |       |       |       |       |    18 |    96 ||   114
         Apportation       |       |       |       |       |       |     3 |       ||     3
         Summon Forest     |       |       |       |       |       |       |     9 ||     9
Ability: Breathe Lightning |       |       |       |       |       |     1 |       ||     1
  Evoke: Wand              |       |       |       |     1 |       |       |     3 ||     4
         Condenser vane    |       |       |       |       |       |       |     1 ||     1
    Use: Scroll            |       |    13 |     5 |    12 |     5 |     4 |    15 ||    54
         Potion            |       |       |     4 |     3 |     1 |     7 |     9 ||    24
   Stab: Sleeping          |     5 |    10 |     3 |     3 |     2 |     1 |     3 ||    27
         Distracted        |       |     1 |     1 |     5 |    20 |     8 |    14 ||    49
         Confused          |       |       |       |     1 |       |     1 |       ||     2
         Petrified         |       |       |       |       |     2 |     1 |       ||     3
 Armour: Skin              |    49 |    31 |    86 |   176 |   208 |   127 |   105 ||   782
  Dodge: Dodged            |   109 |    94 |   267 |   490 |   737 |   259 |   191 ||  2147
  Block: Other             |       |       |       |   141 |   106 |       |       ||   247
         Reflection        |       |       |       |     4 |       |       |    22 ||    26
         Kite shield       |       |       |       |       |       |   105 |   186 ||   291
